Philadelphia Phantoms vs Quebec Remparts
Created - Monday, December 23, 2024 at 09:30
Goals
|
| Philadelphia Phantoms |
1 |
2 |
0 |
3 |
| Quebec Remparts |
1 |
1 |
0 |
2 |
|
Shots
|
| Philadelphia Phantoms |
11 |
15 |
7 |
33 |
| Quebec Remparts |
10 |
19 |
9 |
38 |
|
1st period
1. Quebec Remparts , Paul Cotter 2 (Joshua Roy 4, Thomas Bordeleau 5) at 3:18
2. Philadelphia Phantoms , Alex Steeves 3 (Juuso Parssinen 6) at 15:46
Penalties :
Thomas Bordeleau (QUE) for Hooking (Minor) at 7:32
2nd period
3. Philadelphia Phantoms , Alex Steeves 4 (Egor Afanasyev 7, Juuso Parssinen 7) at 6:07
4. Philadelphia Phantoms , Egor Afanasyev 5 (Jack McBain 5) at 9:49 (PP)
5. Quebec Remparts , Joshua Roy 2 (Paul Cotter 3, Thomas Bordeleau 6) at 10:22
Penalties :
Jordan Spence (QUE) for Interference (Minor) at 6:10, Rasmus Kupari (QUE) for Hooking (Minor) at 9:15, Olle Lycksell (QUE) for Cross-checking (Minor) at 17:57
3rd period
No Goal
Penalties :
Jared Davidson (QUE) for Tripping (Minor) at 7:12, Rasmus Kupari (QUE) for Slashing (Minor) at 10:29, Ethan Del Mastro (QUE) for Interference (Minor) at 13:55
Goalie Stats
Jake Allen (PHP), 36 saves from 38 shots - (0.947), W, 6-2-1, 60:00 minutes
Joseph Woll (QUE), 30 saves from 33 shots - (0.909), L, 4-1-1, 59:18 minutes
Players Stats for Philadelphia Phantoms
Player Name G A P +/- PIM S H SB GA TA FO MP PP MP PK MP
------------------------------------------------------------------------------------
Alex Steeves 2 0 2 0 0 2 0 0 0 0 1/3 18:15 6:34 0:00
Brandon Duhaime 0 0 0 0 0 0 2 0 0 3 0/0 14:01 0:07 0:00
Cody Glass 0 0 0 0 0 3 1 0 0 0 10/21 17:42 6:00 0:00
Egor Afanasyev 1 1 2 0 0 4 0 0 0 1 6/13 17:35 6:21 0:00
Jack McBain 0 1 1 0 0 5 3 0 1 1 0/1 19:10 6:14 0:00
James Malatesta 0 0 0 0 0 2 2 3 0 0 0/1 17:08 6:00 0:00
Jaret Anderson-Dolan 0 0 0 0 0 1 2 0 1 0 0/0 11:09 0:07 0:00
Juuso Parssinen 0 2 2 0 0 4 3 0 1 1 0/0 17:21 6:21 0:00
Louis Crevier 0 0 0 0 0 0 0 4 0 2 0/0 15:48 0:00 0:00
Lukas Rousek 0 0 0 0 0 2 1 1 0 0 0/0 12:39 0:17 0:00
Marcus Bjork 0 0 0 -1 0 0 0 1 0 0 0/0 14:04 0:00 0:00
Nick Blankenburg 0 0 0 1 0 3 0 1 0 0 0/0 16:11 0:00 0:00
Nils Aman 0 0 0 0 0 2 0 0 0 1 5/10 12:22 0:00 0:00
Pontus Holmberg 0 0 0 0 0 1 0 0 0 0 7/11 18:56 5:54 0:00
Ryan Johnson 0 0 0 -1 0 1 0 0 0 1 0/0 14:04 0:00 0:00
Tye Kartye 0 0 0 0 0 1 0 0 1 0 0/1 17:39 5:57 0:00
William Borgen 0 0 0 0 0 2 2 2 0 2 0/0 23:02 6:34 0:00
Zac Jones 0 0 0 1 0 0 1 1 0 2 0/0 22:54 5:54 0:00
Players Stats for Quebec Remparts
Player Name G A P +/- PIM S H SB GA TA FO MP PP MP PK MP
------------------------------------------------------------------------------------
Adam Edstrom 0 0 0 0 0 2 3 0 1 0 2/2 13:55 0:00 0:00
Brandt Clarke 0 0 0 1 0 0 1 2 0 0 0/0 21:46 0:00 5:32
David Jiricek 0 0 0 1 0 3 0 1 2 0 0/0 22:19 0:00 5:44
Ethan Del Mastro 0 0 0 0 2 0 0 1 0 0 0/0 13:22 0:00 0:56
Hendrix Lapierre 0 0 0 0 0 0 0 0 2 2 6/14 20:06 0:00 5:44
Ivan Ivan 0 0 0 0 0 1 1 1 0 0 0/1 7:22 0:00 0:00
Jakub Demek 0 0 0 0 0 1 2 0 1 0 0/0 7:15 0:00 0:00
Jared Davidson 0 0 0 0 2 0 0 0 0 0 1/1 4:13 0:00 0:22
Jordan Spence 0 0 0 -1 2 0 1 1 2 0 0/0 24:24 0:00 5:48
Joshua Roy 1 1 2 0 0 6 0 0 1 0 0/1 13:38 0:00 0:17
Kevin Rooney 0 0 0 0 0 4 2 0 1 0 5/12 17:55 0:00 5:55
Nick Robertson 0 0 0 0 0 5 1 0 0 0 0/0 13:55 0:00 0:00
Olle Lycksell 0 0 0 0 2 0 0 0 0 1 0/2 11:39 0:00 0:00
Paul Cotter 1 1 2 0 0 2 2 0 0 0 8/12 19:45 0:00 6:15
Rasmus Kupari 0 0 0 0 4 2 0 0 0 0 1/1 13:37 0:00 1:16
Ryan Shea 0 0 0 0 0 2 1 2 0 0 0/0 12:53 0:00 0:12
Simon Nemec 0 0 0 -1 0 4 2 4 1 0 0/0 25:21 0:00 6:44
Thomas Bordeleau 0 2 2 0 2 6 1 2 3 1 9/15 24:00 0:00 5:07
3 Stars
1 - Alex Steeves (PHP)
2 - Jake Allen (PHP)
3 - Paul Cotter (QUE)
Power Play
Philadelphia Phantoms - 1 on 7 Attempt(s) - 14.29%
Quebec Remparts - 0 on 0 Attempt(s) - 0.00%
Penalty Kill
Philadelphia Phantoms - 0 on 0 Attempt(s) - 0.00%
- Score 0 goal in Penalty Kill
Quebec Remparts - 6 on 7 Attempt(s) - 85.71%
- Score 0 goal in Penalty Kill
Team Stat
Philadelphia Phantoms - Hits : 17 - Faceoff Wins : 29 - Blocked Shots : 13 - Penalty Minutes : 0
Quebec Remparts - Hits : 17 - Faceoff Wins : 32 - Blocked Shots : 14 - Penalty Minutes : 14
Official
Referees : Furman South and Eric Furlatt
Linesman : Mark Shewchyk and Joseph Mahon
Game Notes
No Game Note
Philadelphia Phantoms
5 vs 5 Forward
Center Left Wing Right Wing Time % Phy DF OF
1 Egor Afanasyev Juuso Parssinen Alex Steeves 25 0 1 4
2 Cody Glass Tye Kartye Jack McBain 25 0 2 3
3 Pontus Holmberg James Malatesta Jaret Anderson-Dolan 25 0 2 3
4 Nils Aman Brandon Duhaime Lukas Rousek 25 0 1 4
5 vs 5 Defense
Defense Defense Time % Phy DF OF
1 William Borgen Louis Crevier 35 0 3 2
2 Zac Jones Nick Blankenburg 35 0 3 2
3 Ryan Johnson Marcus Bjork 30 0 3 2
4 William Borgen Louis Crevier 0 0 3 2
PowerPlay Forward
Center Left Wing Right Wing Time % Phy DF OF
1 Egor Afanasyev Juuso Parssinen Jack McBain 50 0 0 5
2 Cody Glass James Malatesta Tye Kartye 50 0 0 5
PowerPlay Defense
Defense Defense Time % Phy DF OF
1 William Borgen Alex Steeves 50 0 1 4
2 Zac Jones Pontus Holmberg 50 0 1 4
Penalty Kill 4 Players Forward
Center Wing Time % Phy DF OF
1 Jack McBain Pontus Holmberg 50 0 5 0
2 Nils Aman Brandon Duhaime 50 0 5 0
Penalty Kill 4 Players Defense
Defense Defense Time % Phy DF OF
1 William Borgen Louis Crevier 50 0 5 0
2 Zac Jones Nick Blankenburg 50 0 5 0
Penalty Kill - 3 Players Forward
Forward Time % Phy DF OF
1 Jack McBain 50 0 5 0
2 Pontus Holmberg 50 0 5 0
Penalty Kill - 3 Players Defense
Defense Defense Time % Phy DF OF
1 William Borgen Louis Crevier 50 0 5 0
2 Zac Jones Nick Blankenburg 50 0 5 0
4 vs 4 Forward
Center Wing Time % Phy DF OF
1 Egor Afanasyev Juuso Parssinen 50 0 1 4
2 Cody Glass Tye Kartye 50 0 2 3
4 vs 4 Defense
Defense Defense Time % Phy DF OF
1 William Borgen Louis Crevier 50 0 3 2
2 Zac Jones Nick Blankenburg 50 0 3 2
Last Minutes Offensive
Center Left Wing Right Wing Defense Defense
Egor Afanasyev Juuso Parssinen James Malatesta William Borgen Louis Crevier
Last Minutes Defensive
Center Left Wing Right Wing Defense Defense
Jack McBain Pontus Holmberg Brandon Duhaime William Borgen Louis Crevier
Goaltenders
Starting : Jake Allen
Backup : Spencer Martin
Extra Forwards
Normal : Cody Glass, Juuso Parssinen, Pontus Holmberg - PP : Cody Glass, Juuso Parssinen - PK : Jack McBain
Extra Defensemen
Normal : Louis Crevier, William Borgen, Zac Jones - PP : Louis Crevier - PK : William Borgen, Zac Jones
Penalty Shots
Egor Afanasyev, Alex Steeves, Juuso Parssinen, Cody Glass, Lukas Rousek
Scratches
Filip Cederqvist (Healthy), Tyrel Bauer (Healthy), Matthew Seminoff (Healthy), Ryan Hofer (Healthy), Brett Murray (Healthy)
Josh Lopina (Healthy)
Quebec Remparts
5 vs 5 Forward
Center Left Wing Right Wing Time % Phy DF OF
1 Thomas Bordeleau Paul Cotter Joshua Roy 30 1 2 2
2 Hendrix Lapierre Adam Edstrom Nick Robertson 30 1 2 2
3 Kevin Rooney Rasmus Kupari Olle Lycksell 25 1 2 2
4 Ivan Ivan Thomas Bordeleau Jakub Demek 15 1 2 2
5 vs 5 Defense
Defense Defense Time % Phy DF OF
1 Simon Nemec Jordan Spence 30 1 2 2
2 David Jiricek Brandt Clarke 30 1 2 2
3 Ryan Shea Ethan Del Mastro 25 1 2 2
4 Simon Nemec Jordan Spence 15 1 2 2
PowerPlay Forward
Center Left Wing Right Wing Time % Phy DF OF
1 Thomas Bordeleau Paul Cotter Joshua Roy 50 1 2 2
2 Hendrix Lapierre Adam Edstrom Nick Robertson 50 1 2 2
PowerPlay Defense
Defense Defense Time % Phy DF OF
1 Simon Nemec Jordan Spence 50 1 2 2
2 David Jiricek Brandt Clarke 50 1 2 2
Penalty Kill 4 Players Forward
Center Wing Time % Phy DF OF
1 Thomas Bordeleau Hendrix Lapierre 50 1 2 2
2 Paul Cotter Kevin Rooney 50 1 2 2
Penalty Kill 4 Players Defense
Defense Defense Time % Phy DF OF
1 Simon Nemec Jordan Spence 50 1 2 2
2 David Jiricek Brandt Clarke 50 1 2 2
Penalty Kill - 3 Players Forward
Forward Time % Phy DF OF
1 Thomas Bordeleau 50 1 2 2
2 Hendrix Lapierre 50 1 2 2
Penalty Kill - 3 Players Defense
Defense Defense Time % Phy DF OF
1 Simon Nemec Jordan Spence 50 1 2 2
2 David Jiricek Brandt Clarke 50 1 2 2
4 vs 4 Forward
Center Wing Time % Phy DF OF
1 Thomas Bordeleau Hendrix Lapierre 50 1 2 2
2 Paul Cotter Kevin Rooney 50 1 2 2
4 vs 4 Defense
Defense Defense Time % Phy DF OF
1 Simon Nemec Jordan Spence 50 1 2 2
2 David Jiricek Brandt Clarke 50 1 2 2
Last Minutes Offensive
Center Left Wing Right Wing Defense Defense
Thomas Bordeleau Paul Cotter Joshua Roy Simon Nemec Jordan Spence
Last Minutes Defensive
Center Left Wing Right Wing Defense Defense
Thomas Bordeleau Paul Cotter Joshua Roy Simon Nemec Jordan Spence
Goaltenders
Starting : Joseph Woll
Backup : Devon Levi
Extra Forwards
Normal : Jared Davidson, Ivan Ivan, Rasmus Kupari - PP : Jared Davidson, Ivan Ivan - PK : Rasmus Kupari
Extra Defensemen
Normal : Ryan Shea, Ethan Del Mastro, David Jiricek - PP : Ryan Shea - PK : Ethan Del Mastro, David Jiricek
Penalty Shots
Thomas Bordeleau, Hendrix Lapierre, Paul Cotter, Kevin Rooney, Joshua Roy
Scratches
Maximus Wanner (Healthy), Ethan Samson (Healthy), Avery Hayes (Healthy), Carson Golder (Healthy), Gavin White (Healthy)
Jamieson Rees (Healthy)
% Time on Ice - Philadelphia Phantoms
Lines # - Real PCT - Wanted PCT - Time Play
Normal Forward
1 - 24% - 25% - 10:54
2 - 26% - 25% - 12:08
3 - 24% - 25% - 10:53
4 - 27% - 25% - 12:22
Normal Defense
1 - 33% - 35% - 15:17
2 - 37% - 35% - 17:00
3 - 30% - 30% - 14:00
4 - 0% - 0% - 0:00
PP Forward
1 - 52% - 50% - 6:28
2 - 48% - 50% - 6:00
PP Defense
1 - 53% - 50% - 6:34
2 - 47% - 50% - 5:54
PK Forward
1 - 0% - 50%
2 - 0% - 50%
PK Defense
1 - 0% - 50%
2 - 0% - 50%
PK3 Forward
1 - 0% - 50%
2 - 0% - 50%
PK3 Defense
1 - 0% - 50%
2 - 0% - 50%
44 Forward
1 - 0% - 50%
2 - 0% - 50%
44 Defense
1 - 0% - 50%
2 - 0% - 50%
Last Minute Offensive - 0:00
Last Minute Defensive - 1:15
Total
Forward - 60:00
Defense - 60:00
|
% Time on Ice - Quebec Remparts
Lines # - Real PCT - Wanted PCT - Time Play
Normal Forward
1 - 28% - 30% - 12:53
2 - 32% - 30% - 14:42
3 - 25% - 25% - 11:37
4 - 16% - 15% - 7:15
Normal Defense
1 - 27% - 30% - 12:29
2 - 35% - 30% - 16:07
3 - 27% - 25% - 12:20
4 - 12% - 15% - 5:31
PP Forward
1 - 0% - 50%
2 - 0% - 50%
PP Defense
1 - 0% - 50%
2 - 0% - 50%
PK Forward
1 - 51% - 50% - 6:18
2 - 49% - 50% - 6:10
PK Defense
1 - 54% - 50% - 6:44
2 - 46% - 50% - 5:44
PK3 Forward
1 - 0% - 50%
2 - 0% - 50%
PK3 Defense
1 - 0% - 50%
2 - 0% - 50%
44 Forward
1 - 0% - 50%
2 - 0% - 50%
44 Defense
1 - 0% - 50%
2 - 0% - 50%
Last Minute Offensive - 1:05
Last Minute Defensive - 0:00
Total
Forward - 60:00
Defense - 60:00
|
Play-by-Play
1st period
0:01 of 1st period - Egor Afanasyev wins face-off versus Thomas Bordeleau in neutral zone.
0:12 of 1st period - Snap shot by Juuso Parssinen.
0:12 of 1st period - Shot Misses the Net.
0:14 of 1st period - Snap shot by Juuso Parssinen.
0:14 of 1st period - Shot Misses the Net.
0:16 of 1st period - Slapshot by William Borgen.
0:16 of 1st period - Stopped by Joseph Woll with a rebound.
0:34 of 1st period - Snap shot by Jack McBain.
0:34 of 1st period - Stopped by Joseph Woll without a rebound.
0:35 of 1st period - Kevin Rooney wins face-off versus Pontus Holmberg in Quebec Remparts zone.
0:35 of 1st period - Kevin Rooney is hit by James Malatesta.
0:42 of 1st period - Icing by Brandt Clarke.
0:43 of 1st period - Pontus Holmberg wins face-off versus Kevin Rooney in Quebec Remparts zone.
1:52 of 1st period - Wrist shot by Juuso Parssinen.
1:52 of 1st period - Stopped by Joseph Woll without a rebound.
1:53 of 1st period - Egor Afanasyev wins face-off versus Thomas Bordeleau in Quebec Remparts zone.
2:35 of 1st period - Slapshot by Juuso Parssinen.
2:35 of 1st period - Shot Misses the Net.
2:37 of 1st period - Snap shot by Egor Afanasyev.
2:37 of 1st period - Stopped by Joseph Woll with a rebound.
3:00 of 1st period - Wrist shot by Thomas Bordeleau.
3:00 of 1st period - Shot Misses the Net.
3:02 of 1st period - Slapshot by Ryan Shea.
3:02 of 1st period - Stopped by Jake Allen with a rebound.
3:04 of 1st period - Slapshot by Ethan Del Mastro.
3:04 of 1st period - Shot Misses the Net.
3:06 of 1st period - Wrist shot by Ryan Shea.
3:06 of 1st period - Shot Misses the Net.
3:16 of 1st period - Snap shot by Joshua Roy.
3:16 of 1st period - Shot Blocked by Marcus Bjork.
3:18 of 1st period - Wrist shot by Paul Cotter.
3:18 of 1st period - Goal by Paul Cotter - Philadelphia Phantoms : 0 - Quebec Remparts : 1.
3:19 of 1st period - Nils Aman wins face-off versus Hendrix Lapierre in neutral zone.
3:44 of 1st period - Jordan Spence is hit by William Borgen.
4:12 of 1st period - Jakub Demek is hit by Cody Glass and loses puck.
4:29 of 1st period - Ivan Ivan is hit by Jack McBain and loses puck.
4:40 of 1st period - Wrist shot by Jared Davidson.
4:40 of 1st period - Shot Misses the Net.
4:42 of 1st period - Snap shot by Jakub Demek.
4:42 of 1st period - Stopped by Jake Allen with a rebound.
5:03 of 1st period - Off-side.
5:04 of 1st period - Hendrix Lapierre wins face-off versus Nils Aman in neutral zone.
5:07 of 1st period - Wrist shot by Adam Edstrom.
5:07 of 1st period - Stopped by Jake Allen with a rebound.
5:09 of 1st period - Wrist shot by Hendrix Lapierre.
5:09 of 1st period - Deflect By Nick Robertson.
5:09 of 1st period - Shot Misses the Net.
5:09 of 1st period - Puck is out of play.
5:10 of 1st period - Nils Aman wins face-off versus Hendrix Lapierre in Philadelphia Phantoms zone.
5:18 of 1st period - Off-side.
5:19 of 1st period - Kevin Rooney wins face-off versus Pontus Holmberg in neutral zone.
5:24 of 1st period - Slapshot by Simon Nemec.
5:24 of 1st period - Shot Misses the Net.
5:44 of 1st period - Hendrix Lapierre is hit by Brandon Duhaime and loses puck.
5:51 of 1st period - William Borgen is hit by Adam Edstrom and loses puck.
6:24 of 1st period - Icing by Ethan Del Mastro.
6:25 of 1st period - Thomas Bordeleau wins face-off versus Egor Afanasyev in Quebec Remparts zone.
6:32 of 1st period - Wrist shot by Joshua Roy.
6:32 of 1st period - Stopped by Jake Allen with a rebound.
7:12 of 1st period - Slapshot by Simon Nemec.
7:12 of 1st period - Stopped by Jake Allen with a rebound.
7:32 of 1st period - Minor Penalty to Thomas Bordeleau for Hooking.
7:33 of 1st period - Paul Cotter wins face-off versus Egor Afanasyev in Quebec Remparts zone.
7:42 of 1st period - Jack McBain is hit by Simon Nemec.
8:17 of 1st period - Snap shot by Paul Cotter.
8:17 of 1st period - Shot Misses the Net.
8:19 of 1st period - Snap shot by Kevin Rooney.
8:19 of 1st period - Shot Misses the Net.
9:32 of 1st period - Penalty to Thomas Bordeleau is over, Thomas Bordeleau is back on ice.
9:52 of 1st period - Snap shot by Thomas Bordeleau.
9:52 of 1st period - Stopped by Jake Allen without a rebound.
9:53 of 1st period - Hendrix Lapierre wins face-off versus Nils Aman in Philadelphia Phantoms zone.
9:54 of 1st period - Wrist shot by Nick Robertson.
9:54 of 1st period - Stopped by Jake Allen with a rebound.
10:18 of 1st period - Ryan Shea is hit by Jaret Anderson-Dolan and loses puck.
12:11 of 1st period - Tye Kartye is hit by Brandt Clarke and loses puck.
12:53 of 1st period - Slapshot by Thomas Bordeleau.
12:53 of 1st period - Stopped by Jake Allen without a rebound.
12:54 of 1st period - Thomas Bordeleau wins face-off versus Nils Aman in Philadelphia Phantoms zone.
13:41 of 1st period - William Borgen is hit by Adam Edstrom and loses puck.
13:52 of 1st period - Wrist shot by Nick Robertson.
13:52 of 1st period - Stopped by Jake Allen with a rebound.
14:02 of 1st period - Louis Crevier is hit by Jakub Demek.
14:18 of 1st period - Snap shot by Jaret Anderson-Dolan.
14:18 of 1st period - Shot Misses the Net.
14:20 of 1st period - Slapshot by Nick Blankenburg.
14:20 of 1st period - Stopped by Joseph Woll with a rebound.
14:26 of 1st period - Slapshot by Jaret Anderson-Dolan.
14:26 of 1st period - Shot Misses the Net.
14:28 of 1st period - Slapshot by William Borgen.
14:28 of 1st period - Stopped by Joseph Woll with a rebound.
14:30 of 1st period - Snap shot by Jaret Anderson-Dolan.
14:30 of 1st period - Shot Blocked by Jordan Spence.
14:32 of 1st period - Wrist shot by James Malatesta.
14:32 of 1st period - Stopped by Joseph Woll without a rebound.
14:33 of 1st period - Alex Steeves wins face-off versus Hendrix Lapierre in Quebec Remparts zone.
14:34 of 1st period - Wrist shot by Egor Afanasyev.
14:34 of 1st period - Stopped by Joseph Woll without a rebound.
14:35 of 1st period - Hendrix Lapierre wins face-off versus Egor Afanasyev in Quebec Remparts zone.
15:10 of 1st period - Wrist shot by Cody Glass.
15:10 of 1st period - Shot Misses the Net.
15:12 of 1st period - Wrist shot by Jack McBain.
15:12 of 1st period - Stopped by Joseph Woll without a rebound.
15:13 of 1st period - Kevin Rooney wins face-off versus Nils Aman in Quebec Remparts zone.
15:46 of 1st period - Wrist shot by Alex Steeves.
15:46 of 1st period - Goal by Alex Steeves - Philadelphia Phantoms : 1 - Quebec Remparts : 1.
15:47 of 1st period - Cody Glass wins face-off versus Kevin Rooney in neutral zone.
16:02 of 1st period - Slapshot by Cody Glass.
16:02 of 1st period - Shot Misses the Net.
16:53 of 1st period - Snap shot by Egor Afanasyev.
16:53 of 1st period - Deflect By Kevin Rooney.
16:53 of 1st period - Stopped by Joseph Woll without a rebound.
16:54 of 1st period - Egor Afanasyev wins face-off versus Kevin Rooney in Quebec Remparts zone.
17:19 of 1st period - Zac Jones is hit by Nick Robertson and loses puck.
18:19 of 1st period - Ethan Del Mastro is hit by Zac Jones and loses puck.
Goals for this period are 1 for Philadelphia Phantoms vs 1 for Quebec Remparts.
Shots for this period are 11 for Philadelphia Phantoms vs 10 for Quebec Remparts.
2nd period
0:01 of 2nd period - Thomas Bordeleau wins face-off versus Cody Glass in neutral zone.
0:14 of 2nd period - Slapshot by Jack McBain.
0:14 of 2nd period - Deflect By Cody Glass.
0:14 of 2nd period - Shot Misses the Net.
0:14 of 2nd period - Puck is out of play.
0:15 of 2nd period - Nils Aman wins face-off versus Hendrix Lapierre in Quebec Remparts zone.
0:28 of 2nd period - Wrist shot by Nick Robertson.
0:28 of 2nd period - Stopped by Jake Allen with a rebound.
0:30 of 2nd period - Snap shot by Adam Edstrom.
0:30 of 2nd period - Stopped by Jake Allen with a rebound.
0:40 of 2nd period - Nils Aman is hit by Kevin Rooney and loses puck.
0:53 of 2nd period - Snap shot by Rasmus Kupari.
0:53 of 2nd period - Shot Misses the Net.
1:15 of 2nd period - Icing by Nick Blankenburg.
1:16 of 2nd period - Pontus Holmberg wins face-off versus Hendrix Lapierre in Philadelphia Phantoms zone.
1:23 of 2nd period - Icing by Jordan Spence.
1:24 of 2nd period - Adam Edstrom wins face-off versus Cody Glass in Quebec Remparts zone.
1:33 of 2nd period - Wrist shot by Nick Robertson.
1:33 of 2nd period - Stopped by Jake Allen without a rebound.
1:34 of 2nd period - Cody Glass wins face-off versus Paul Cotter in Philadelphia Phantoms zone.
1:34 of 2nd period - Cody Glass is hit by Paul Cotter.
1:46 of 2nd period - Wrist shot by Paul Cotter.
1:46 of 2nd period - Shot Misses the Net.
1:48 of 2nd period - Wrist shot by Joshua Roy.
1:48 of 2nd period - Stopped by Jake Allen with a rebound.
2:08 of 2nd period - Slapshot by Alex Steeves.
2:08 of 2nd period - Shot Misses the Net.
2:24 of 2nd period - Slapshot by Kevin Rooney.
2:24 of 2nd period - Shot Hit the Post.
2:26 of 2nd period - Backhand shot by David Jiricek.
2:26 of 2nd period - Stopped by Jake Allen with a rebound.
2:28 of 2nd period - Slapshot by David Jiricek.
2:28 of 2nd period - Stopped by Jake Allen with a rebound.
2:30 of 2nd period - Slapshot by David Jiricek.
2:30 of 2nd period - Shot Misses the Net.
2:32 of 2nd period - Wrist shot by Kevin Rooney.
2:32 of 2nd period - Deflect By Olle Lycksell.
2:32 of 2nd period - Shot Misses the Net.
2:32 of 2nd period - Puck is out of play.
2:33 of 2nd period - Thomas Bordeleau wins face-off versus Nils Aman in Philadelphia Phantoms zone.
2:36 of 2nd period - Slapshot by Paul Cotter.
2:36 of 2nd period - Stopped by Jake Allen with a rebound.
2:38 of 2nd period - Wrist shot by Ryan Shea.
2:38 of 2nd period - Stopped by Jake Allen with a rebound.
2:40 of 2nd period - Snap shot by Joshua Roy.
2:40 of 2nd period - Shot Blocked by Louis Crevier.
2:42 of 2nd period - Wrist shot by Joshua Roy.
2:42 of 2nd period - Shot Blocked by William Borgen.
2:44 of 2nd period - Wrist shot by Paul Cotter.
2:44 of 2nd period - Shot Blocked by Louis Crevier.
2:46 of 2nd period - Slapshot by Joshua Roy.
2:46 of 2nd period - Shot Misses the Net.
2:58 of 2nd period - Lukas Rousek is hit by Ryan Shea and loses puck.
3:07 of 2nd period - Snap shot by Kevin Rooney.
3:07 of 2nd period - Deflect By Louis Crevier.
3:07 of 2nd period - Shot Misses the Net.
3:07 of 2nd period - Puck is out of play.
3:08 of 2nd period - Hendrix Lapierre wins face-off versus Egor Afanasyev in Philadelphia Phantoms zone.
3:09 of 2nd period - Wrist shot by Nick Robertson.
3:09 of 2nd period - Shot Misses the Net.
4:05 of 2nd period - Snap shot by Rasmus Kupari.
4:05 of 2nd period - Stopped by Jake Allen without a rebound.
4:06 of 2nd period - Hendrix Lapierre wins face-off versus Alex Steeves in Philadelphia Phantoms zone.
4:15 of 2nd period - Snap shot by Egor Afanasyev.
4:15 of 2nd period - Shot Misses the Net.
4:38 of 2nd period - Wrist shot by Thomas Bordeleau.
4:38 of 2nd period - Stopped by Jake Allen with a rebound.
4:40 of 2nd period - Slapshot by Simon Nemec.
4:40 of 2nd period - Stopped by Jake Allen without a rebound.
4:41 of 2nd period - Thomas Bordeleau wins face-off versus Pontus Holmberg in Philadelphia Phantoms zone.
4:54 of 2nd period - Wrist shot by Paul Cotter.
4:54 of 2nd period - Deflect By Joshua Roy.
4:54 of 2nd period - Shot Blocked by Nick Blankenburg.
4:54 of 2nd period - Puck is out of play.
4:55 of 2nd period - Cody Glass wins face-off versus Olle Lycksell in Philadelphia Phantoms zone.
5:04 of 2nd period - Wrist shot by Rasmus Kupari.
5:04 of 2nd period - Shot Misses the Net.
5:20 of 2nd period - Hendrix Lapierre is hit by William Borgen and loses puck.
5:39 of 2nd period - Wrist shot by Jaret Anderson-Dolan.
5:39 of 2nd period - Shot Blocked by Ryan Shea.
5:41 of 2nd period - Snap shot by Nils Aman.
5:41 of 2nd period - Shot Misses the Net.
5:43 of 2nd period - Slapshot by Nils Aman.
5:43 of 2nd period - Stopped by Joseph Woll without a rebound.
5:44 of 2nd period - Nils Aman wins face-off versus Joshua Roy in Quebec Remparts zone.
5:53 of 2nd period - Wrist shot by Lukas Rousek.
5:53 of 2nd period - Stopped by Joseph Woll without a rebound.
5:54 of 2nd period - Thomas Bordeleau wins face-off versus Alex Steeves in Quebec Remparts zone.
5:57 of 2nd period - Wrist shot by Egor Afanasyev.
5:57 of 2nd period - Shot Blocked by Thomas Bordeleau.
6:07 of 2nd period - Snap shot by Alex Steeves.
6:07 of 2nd period - Goal by Alex Steeves - Philadelphia Phantoms : 2 - Quebec Remparts : 1.
6:08 of 2nd period - Adam Edstrom wins face-off versus Cody Glass in neutral zone.
6:10 of 2nd period - Minor Penalty to Jordan Spence for Interference.
6:11 of 2nd period - Paul Cotter wins face-off versus Cody Glass in Quebec Remparts zone.
6:27 of 2nd period - Slapshot by Cody Glass.
6:27 of 2nd period - Stopped by Joseph Woll with a rebound.
6:56 of 2nd period - Icing by Juuso Parssinen.
6:57 of 2nd period - Paul Cotter wins face-off versus Egor Afanasyev in Philadelphia Phantoms zone.
6:58 of 2nd period - Slapshot by Simon Nemec.
6:58 of 2nd period - Stopped by Jake Allen without a rebound.
6:59 of 2nd period - Cody Glass wins face-off versus Hendrix Lapierre in Philadelphia Phantoms zone.
7:13 of 2nd period - Wrist shot by Hendrix Lapierre.
7:13 of 2nd period - Shot Misses the Net.
7:15 of 2nd period - Wrist shot by Thomas Bordeleau.
7:15 of 2nd period - Stopped by Jake Allen with a rebound.
7:32 of 2nd period - Snap shot by Jack McBain.
7:32 of 2nd period - Shot Misses the Net.
7:34 of 2nd period - Snap shot by Jack McBain.
7:34 of 2nd period - Stopped by Joseph Woll with a rebound.
7:36 of 2nd period - Slapshot by Zac Jones.
7:36 of 2nd period - Shot Blocked by Ethan Del Mastro.
7:38 of 2nd period - Wrist shot by Juuso Parssinen.
7:38 of 2nd period - Stopped by Joseph Woll without a rebound.
7:39 of 2nd period - Cody Glass wins face-off versus Thomas Bordeleau in Quebec Remparts zone.
7:48 of 2nd period - Slapshot by James Malatesta.
7:48 of 2nd period - Shot Misses the Net.
8:06 of 2nd period - Paul Cotter is hit by Juuso Parssinen and loses puck.
8:10 of 2nd period - Penalty to Jordan Spence is over, Jordan Spence is back on ice.
8:31 of 2nd period - Snap shot by Ivan Ivan.
8:31 of 2nd period - Stopped by Jake Allen with a rebound.
8:52 of 2nd period - Snap shot by Rasmus Kupari.
8:52 of 2nd period - Deflect By Olle Lycksell.
8:52 of 2nd period - Shot Blocked by James Malatesta.
8:52 of 2nd period - Puck is out of play.
8:53 of 2nd period - Rasmus Kupari wins face-off versus Cody Glass in Philadelphia Phantoms zone.
9:00 of 2nd period - Olle Lycksell is hit by Jack McBain and loses puck.
9:09 of 2nd period - Snap shot by Cody Glass.
9:09 of 2nd period - Stopped by Joseph Woll with a rebound.
9:15 of 2nd period - Minor Penalty to Rasmus Kupari for Hooking.
9:16 of 2nd period - Kevin Rooney wins face-off versus Cody Glass in Quebec Remparts zone.
9:31 of 2nd period - Wrist shot by Cody Glass.
9:31 of 2nd period - Shot Misses the Net.
9:47 of 2nd period - Snap shot by Jack McBain.
9:47 of 2nd period - Shot Misses the Net.
9:49 of 2nd period - Snap shot by Egor Afanasyev.
9:49 of 2nd period - Goal by Egor Afanasyev - Philadelphia Phantoms : 3 - Quebec Remparts : 1.
9:50 of 2nd period - Pontus Holmberg wins face-off versus Hendrix Lapierre in neutral zone.
10:05 of 2nd period - Slapshot by Jaret Anderson-Dolan.
10:05 of 2nd period - Shot Blocked by Simon Nemec.
10:15 of 2nd period - Egor Afanasyev is hit by Jordan Spence and loses puck.
10:22 of 2nd period - Snap shot by Paul Cotter.
10:22 of 2nd period - Deflect By Joshua Roy.
10:22 of 2nd period - Goal by Joshua Roy - Philadelphia Phantoms : 3 - Quebec Remparts : 2.
10:23 of 2nd period - Hendrix Lapierre wins face-off versus Cody Glass in neutral zone.
10:32 of 2nd period - Snap shot by Cody Glass.
10:32 of 2nd period - Shot Blocked by Simon Nemec.
10:34 of 2nd period - Snap shot by Cody Glass.
10:34 of 2nd period - Shot Misses the Net.
10:36 of 2nd period - Wrist shot by Jack McBain.
10:36 of 2nd period - Stopped by Joseph Woll with a rebound.
10:38 of 2nd period - Snap shot by Nick Blankenburg.
10:38 of 2nd period - Shot Misses the Net.
11:59 of 2nd period - Snap shot by Nick Robertson.
11:59 of 2nd period - Shot Blocked by James Malatesta.
12:49 of 2nd period - Wrist shot by Tye Kartye.
12:49 of 2nd period - Stopped by Joseph Woll with a rebound.
12:51 of 2nd period - Wrist shot by Tye Kartye.
12:51 of 2nd period - Deflect By Jack McBain.
12:51 of 2nd period - Shot Blocked by Simon Nemec.
12:51 of 2nd period - Puck is out of play.
12:52 of 2nd period - Pontus Holmberg wins face-off versus Kevin Rooney in Quebec Remparts zone.
12:59 of 2nd period - Slapshot by Jaret Anderson-Dolan.
12:59 of 2nd period - Deflect By Pontus Holmberg.
12:59 of 2nd period - Stopped by Joseph Woll without a rebound.
13:00 of 2nd period - Pontus Holmberg wins face-off versus Olle Lycksell in Quebec Remparts zone.
13:03 of 2nd period - Snap shot by Jaret Anderson-Dolan.
13:03 of 2nd period - Stopped by Joseph Woll with a rebound.
13:51 of 2nd period - Backhand shot by Simon Nemec.
13:51 of 2nd period - Deflect By Hendrix Lapierre.
13:51 of 2nd period - Shot Blocked by Lukas Rousek.
13:51 of 2nd period - Puck is out of play.
13:52 of 2nd period - Nils Aman wins face-off versus Hendrix Lapierre in Philadelphia Phantoms zone.
14:39 of 2nd period - Hendrix Lapierre is hit by Lukas Rousek and loses puck.
14:57 of 2nd period - Slapshot by Nils Aman.
14:57 of 2nd period - Stopped by Joseph Woll with a rebound.
15:11 of 2nd period - Ryan Johnson is hit by Adam Edstrom and loses puck.
15:46 of 2nd period - Slapshot by Nick Robertson.
15:46 of 2nd period - Stopped by Jake Allen without a rebound.
15:47 of 2nd period - Paul Cotter wins face-off versus Cody Glass in Philadelphia Phantoms zone.
16:28 of 2nd period - Slapshot by Joshua Roy.
16:28 of 2nd period - Stopped by Jake Allen with a rebound.
16:30 of 2nd period - Slapshot by Joshua Roy.
16:30 of 2nd period - Stopped by Jake Allen with a rebound.
16:40 of 2nd period - Snap shot by Thomas Bordeleau.
16:40 of 2nd period - Stopped by Jake Allen without a rebound.
16:41 of 2nd period - Cody Glass wins face-off versus Kevin Rooney in Philadelphia Phantoms zone.
16:45 of 2nd period - Off-side.
16:46 of 2nd period - Kevin Rooney wins face-off versus Cody Glass in neutral zone.
16:49 of 2nd period - Tye Kartye is hit by Kevin Rooney and loses puck.
16:58 of 2nd period - Slapshot by Brandt Clarke.
16:58 of 2nd period - Shot Blocked by Zac Jones.
17:02 of 2nd period - Snap shot by Olle Lycksell.
17:02 of 2nd period - Shot Misses the Net.
17:25 of 2nd period - Snap shot by Tye Kartye.
17:25 of 2nd period - Shot Blocked by Thomas Bordeleau.
17:27 of 2nd period - Slapshot by Nick Blankenburg.
17:27 of 2nd period - Stopped by Joseph Woll with a rebound.
17:35 of 2nd period - Wrist shot by Cody Glass.
17:35 of 2nd period - Shot Blocked by Ivan Ivan.
17:37 of 2nd period - Slapshot by Zac Jones.
17:37 of 2nd period - Shot Misses the Net.
17:39 of 2nd period - Slapshot by Nick Blankenburg.
17:39 of 2nd period - Stopped by Joseph Woll without a rebound.
17:40 of 2nd period - Egor Afanasyev wins face-off versus Kevin Rooney in Quebec Remparts zone.
17:55 of 2nd period - Wrist shot by Juuso Parssinen.
17:55 of 2nd period - Shot Misses the Net.
17:57 of 2nd period - Minor Penalty to Olle Lycksell for Cross-checking.
17:58 of 2nd period - Paul Cotter wins face-off versus Egor Afanasyev in Quebec Remparts zone.
18:45 of 2nd period - Zac Jones is hit by Thomas Bordeleau and loses puck.
19:57 of 2nd period - Penalty to Olle Lycksell is over, Olle Lycksell is back on ice.
Goals for this period are 2 for Philadelphia Phantoms vs 1 for Quebec Remparts.
Shots for this period are 15 for Philadelphia Phantoms vs 19 for Quebec Remparts.
3rd period
0:01 of 3rd period - Pontus Holmberg wins face-off versus Thomas Bordeleau in neutral zone.
0:04 of 3rd period - Joshua Roy is hit by Jaret Anderson-Dolan and loses puck.
0:34 of 3rd period - Wrist shot by Olle Lycksell.
0:34 of 3rd period - Shot Misses the Net.
1:36 of 3rd period - Rasmus Kupari is hit by Juuso Parssinen and loses puck.
2:27 of 3rd period - Kevin Rooney is hit by Brandon Duhaime and loses puck.
2:51 of 3rd period - Wrist shot by Ryan Johnson.
2:51 of 3rd period - Deflect By Simon Nemec.
2:51 of 3rd period - Stopped by Joseph Woll with a rebound.
2:53 of 3rd period - Backhand shot by Egor Afanasyev.
2:53 of 3rd period - Shot Blocked by Simon Nemec.
3:40 of 3rd period - Slapshot by Joshua Roy.
3:40 of 3rd period - Stopped by Jake Allen with a rebound.
3:48 of 3rd period - Icing by Ethan Del Mastro.
3:49 of 3rd period - Jared Davidson wins face-off versus Pontus Holmberg in Quebec Remparts zone.
3:56 of 3rd period - Snap shot by James Malatesta.
3:56 of 3rd period - Shot Misses the Net.
3:58 of 3rd period - Snap shot by James Malatesta.
3:58 of 3rd period - Deflect By Jaret Anderson-Dolan.
3:58 of 3rd period - Shot Misses the Net.
3:58 of 3rd period - Puck is out of play.
3:59 of 3rd period - Pontus Holmberg wins face-off versus Kevin Rooney in Quebec Remparts zone.
4:08 of 3rd period - Snap shot by Simon Nemec.
4:08 of 3rd period - Shot Misses the Net.
4:10 of 3rd period - Snap shot by Kevin Rooney.
4:10 of 3rd period - Shot Blocked by Louis Crevier.
4:12 of 3rd period - Snap shot by Olle Lycksell.
4:12 of 3rd period - Deflect By Kevin Rooney.
4:12 of 3rd period - Stopped by Jake Allen with a rebound.
4:14 of 3rd period - Wrist shot by Simon Nemec.
4:14 of 3rd period - Stopped by Jake Allen without a rebound.
4:15 of 3rd period - Thomas Bordeleau wins face-off versus Egor Afanasyev in Philadelphia Phantoms zone.
4:40 of 3rd period - William Borgen is hit by Simon Nemec and loses puck.
5:09 of 3rd period - Backhand shot by Cody Glass.
5:09 of 3rd period - Stopped by Joseph Woll with a rebound.
5:23 of 3rd period - Nick Blankenburg is hit by Ivan Ivan and loses puck.
6:04 of 3rd period - Snap shot by James Malatesta.
6:04 of 3rd period - Shot Blocked by David Jiricek.
6:06 of 3rd period - Slapshot by James Malatesta.
6:06 of 3rd period - Stopped by Joseph Woll with a rebound.
7:04 of 3rd period - Snap shot by Egor Afanasyev.
7:04 of 3rd period - Shot Blocked by Ryan Shea.
7:06 of 3rd period - Snap shot by Marcus Bjork.
7:06 of 3rd period - Shot Misses the Net.
7:12 of 3rd period - Minor Penalty to Jared Davidson for Tripping.
7:13 of 3rd period - Cody Glass wins face-off versus Paul Cotter in Quebec Remparts zone.
7:41 of 3rd period - Off-side.
7:42 of 3rd period - Egor Afanasyev wins face-off versus Paul Cotter in neutral zone.
8:07 of 3rd period - Wrist shot by Egor Afanasyev.
8:07 of 3rd period - Shot Blocked by Brandt Clarke.
8:09 of 3rd period - Wrist shot by Juuso Parssinen.
8:09 of 3rd period - Shot Misses the Net.
8:11 of 3rd period - Slapshot by Alex Steeves.
8:11 of 3rd period - Shot Misses the Net.
8:13 of 3rd period - Wrist shot by Jack McBain.
8:13 of 3rd period - Shot Misses the Net.
8:15 of 3rd period - Snap shot by William Borgen.
8:15 of 3rd period - Shot Misses the Net.
8:17 of 3rd period - Snap shot by Juuso Parssinen.
8:17 of 3rd period - Stopped by Joseph Woll without a rebound.
8:18 of 3rd period - Cody Glass wins face-off versus Paul Cotter in Quebec Remparts zone.
9:05 of 3rd period - Icing by Pontus Holmberg.
9:06 of 3rd period - Cody Glass wins face-off versus Thomas Bordeleau in Philadelphia Phantoms zone.
9:12 of 3rd period - Penalty to Jared Davidson is over, Jared Davidson is back on ice.
9:30 of 3rd period - Snap shot by Nils Aman.
9:30 of 3rd period - Deflect By Lukas Rousek.
9:30 of 3rd period - Stopped by Joseph Woll with a rebound.
10:29 of 3rd period - Minor Penalty to Rasmus Kupari for Slashing.
10:30 of 3rd period - Paul Cotter wins face-off versus Cody Glass in Quebec Remparts zone.
10:36 of 3rd period - Icing by Pontus Holmberg.
10:37 of 3rd period - Paul Cotter wins face-off versus Cody Glass in Philadelphia Phantoms zone.
10:40 of 3rd period - Snap shot by Kevin Rooney.
10:40 of 3rd period - Stopped by Jake Allen with a rebound.
10:42 of 3rd period - Snap shot by Kevin Rooney.
10:42 of 3rd period - Stopped by Jake Allen with a rebound.
10:48 of 3rd period - Snap shot by Paul Cotter.
10:48 of 3rd period - Shot Misses the Net.
10:50 of 3rd period - Snap shot by Kevin Rooney.
10:50 of 3rd period - Stopped by Jake Allen with a rebound.
11:02 of 3rd period - Snap shot by Juuso Parssinen.
11:02 of 3rd period - Shot Misses the Net.
11:10 of 3rd period - Snap shot by Jack McBain.
11:10 of 3rd period - Stopped by Joseph Woll without a rebound.
11:11 of 3rd period - Paul Cotter wins face-off versus James Malatesta in Quebec Remparts zone.
11:11 of 3rd period - Paul Cotter is hit by James Malatesta.
11:29 of 3rd period - Slapshot by Thomas Bordeleau.
11:29 of 3rd period - Shot Blocked by James Malatesta.
12:02 of 3rd period - Simon Nemec is hit by Juuso Parssinen and loses puck.
12:19 of 3rd period - Snap shot by Juuso Parssinen.
12:19 of 3rd period - Stopped by Joseph Woll with a rebound.
12:29 of 3rd period - Penalty to Rasmus Kupari is over, Rasmus Kupari is back on ice.
13:55 of 3rd period - Minor Penalty to Ethan Del Mastro for Interference.
13:56 of 3rd period - Thomas Bordeleau wins face-off versus Tye Kartye in Quebec Remparts zone.
14:27 of 3rd period - Paul Cotter is hit by Jack McBain and loses puck.
14:40 of 3rd period - Snap shot by Kevin Rooney.
14:40 of 3rd period - Shot Misses the Net.
15:49 of 3rd period - Cody Glass is hit by Paul Cotter and loses puck.
15:55 of 3rd period - Penalty to Ethan Del Mastro is over, Ethan Del Mastro is back on ice.
16:44 of 3rd period - Off-side.
16:45 of 3rd period - Cody Glass wins face-off versus Ivan Ivan in neutral zone.
17:13 of 3rd period - Snap shot by Kevin Rooney.
17:13 of 3rd period - Shot Blocked by William Borgen.
17:15 of 3rd period - Wrist shot by Rasmus Kupari.
17:15 of 3rd period - Shot Misses the Net.
17:17 of 3rd period - Wrist shot by Rasmus Kupari.
17:17 of 3rd period - Stopped by Jake Allen without a rebound.
17:18 of 3rd period - Egor Afanasyev wins face-off versus Thomas Bordeleau in Philadelphia Phantoms zone.
17:18 of 3rd period - Egor Afanasyev is hit by Jakub Demek.
19:01 of 3rd period - Snap shot by Jack McBain.
19:01 of 3rd period - Shot Blocked by Brandt Clarke.
19:18 of 3rd period - Quebec Remparts, Joseph Woll is pulled from the net.
19:20 of 3rd period - Snap shot by Joshua Roy.
19:20 of 3rd period - Shot Misses the Net.
19:22 of 3rd period - Slapshot by David Jiricek.
19:22 of 3rd period - Stopped by Jake Allen without a rebound.
19:23 of 3rd period - Martin St. Louis call a timeout for Quebec Remparts.
19:23 of 3rd period - Thomas Bordeleau wins face-off versus Jack McBain in Philadelphia Phantoms zone.
19:28 of 3rd period - Snap shot by Thomas Bordeleau.
19:28 of 3rd period - Shot Misses the Net.
19:30 of 3rd period - Slapshot by Joshua Roy.
19:30 of 3rd period - Shot Blocked by Louis Crevier.
19:34 of 3rd period - Wrist shot by Thomas Bordeleau.
19:34 of 3rd period - Stopped by Jake Allen with a rebound.
Goals for this period are 0 for Philadelphia Phantoms vs 0 for Quebec Remparts.
Shots for this period are 7 for Philadelphia Phantoms vs 9 for Quebec Remparts.
Back to the Top